 Dungeon Crawl Stone Soup version 0.19-a0-934-gf1df8d1 (webtiles) character file.

1043 ololoev the Slasher (level 8, -5/72 HPs)
             Began as a Naga Wanderer on July 7, 2016.
             Was an Initiate of Kikubaaqudgha.
             Slain by an ogre
             ... wielding a +0 giant club
              (25 damage)
             ... on level 4 of the Dungeon.
             The game lasted 00:08:42 (4694 turns).

ololoev the Slasher (Naga Wanderer)                 Turns: 4694, Time: 00:08:43

Health: -5/72      AC:  9    Str: 14    XL:     8   Next: 25%
Magic:  9/9        EV:  5    Int: 11    God:    Kikubaaqudgha [......]
Gold:   193        SH:  0    Dex: 15    Spells: 0 memorised, 9 levels left

rFire  + . .     SeeInvis +     a - +2 falchion
rCold  . . .     Gourm    .     q - +1 chain mail {rF+}
rNeg   + . .     Faith    .     (no shield)
rPois  +         Spirit   .     i - +0 helmet
rElec  .         Dismiss  .     (no cloak)
rCorr  .         Reflect  .     (no gloves)
SustAt .         Harm     .     (no barding)
MR     +....                    (no amulet)
Stlth  ..........               (no ring)
                                d - ring of positive energy

@: very slow, somewhat resistant to hostile enchantments, extremely unstealthy
A: see invisible, deformed body, poison resistance, slowness 2, slow metabolism
1, spit poison 2, AC +2
a: Spit Poison, Renounce Religion


Innate Abilities, Weirdness & Mutations

You cannot wear boots.
Your serpentine skin is tough. (AC +2)
You have supernaturally acute eyesight. (SInv)
Armour fits poorly on your strangely shaped body.
Your system is resistant to poisons. (rPois)
You cover ground very slowly.
You have a slow metabolism.
You can spit poison.

Inventory:

Hand Weapons
 a - a +2 falchion (weapon)
Armour
 i - a +0 helmet (worn)
 q - a +1 chain mail of fire resistance (worn)
Jewellery
 d - a ring of positive energy (left hand)
 m - an uncursed ring of teleportation
Scrolls
 c - 2 scrolls of remove curse
 e - 4 scrolls of identify
 j - a scroll of teleportation
 p - a scroll of fear
Potions
 b - a potion of lignification
 l - a potion of berserk rage
Comestibles
 f - 3 bread rations
 h - 5 meat rations
 n - 10 fruits
 o - a slice of pizza


   Skills:
 + Level 4.0 Fighting
 * Level 6.5 Long Blades
   Level 2.0 Polearms
 + Level 3.2 Armour
 + Level 3.5 Dodging
   Level 1.5 Shields
 - Level 1.0 Spellcasting
 - Level 1.2 Necromancy


You had 9 spell levels left.
You didn't know any spells.


You were on level 4 of the Dungeon.
You worshipped Kikubaaqudgha.
Kikubaaqudgha was noncommittal.
You were not hungry.

You visited 1 branch of the dungeon, and saw 4 of its levels.

You collected 193 gold pieces.

#####.######
###
#..........#
#.###.#.###.#
#..## #.##
#.# #.###.##
#......##
#######@#
##O..#
##########
#........#
#.######.#
##########
##.## #.#
#≈≈≈≈≈≈≈≈#
##..<### #.#
#≈##..##≈#
#.#....# #.#
#≈#♣..♣#≈#
##...#.# #.#
#≈......≈#

Notes
Turn   | Place    | Note
-------+----------+-------------------------------------------
     0 | D:1      | ololoev the Naga Wanderer began the quest for the Orb.
     0 | D:1      | ololoev set off with: a +2 falchion, a potion of lignification, a potion of curing, a +0 robe, a bread ration
     0 | D:1      | Reached XP level 1. HP: 18/18 MP: 1/1
     0 | D:1      | ololoev: наги дерьмо!
    14 | D:1      | Reached XP level 2. HP: 19/25 MP: 2/2
   213 | D:1      | Wingboner: Ты дерьмо!
   250 | D:1      | Wingboner: dynast has 17 consecutive wins (NaWn, NaWn, NaWn, NaWn, NaWn, NaWn, NaWn, NaWn, NaWn, NaWn, NaWn, NaWn, NaWn, NaWn, NaWn, NaWn, NaWn), and can keep going!
   310 | D:1      | Reached XP level 3. HP: 32/32 MP: 3/3
   346 | D:1      | Wingboner: Тут даже на удачу не спишешь, лол.
   350 | D:1      | ololoev: он просто умело обращается с дерьмом
   350 | D:1      | ololoev: нечем гордиться!
  1326 | D:2      | Reached skill level 1 in Armour
  1326 | D:2      | Reached XP level 4. HP: 38/39 MP: 4/4
  1407 | D:2      | Found an ancient bone altar of Kikubaaqudgha.
  1412 | D:2      | Became a worshipper of Kikubaaqudgha
  1418 | D:2      | Reached skill level 4 in Long Blades
  1425 | D:2      | Reached XP level 5. HP: 7/46 MP: 5/5
  2172 | D:2      | Noticed Natasha
  2190 | D:2      | Killed Natasha
  2400 | D:2      | Noticed Natasha
  2403 | D:2      | Killed Natasha
  2494 | D:3      | Reached XP level 6. HP: 55/55 MP: 6/6
  3161 | D:4      | Noticed a troll
  3162 | D:4      | ololoev: лол какого черта?
  3162 | D:4      | ololoev: троль на Д4
  3162 | D:4      | ololoev: !!!
  3162 | D:4      | ololoev: на самом деле когда я его все-таки замочу, у меня будет кожанка
  3193 | D:4      | Wingboner: Он не дропнет труп ,,,^..^,,,
  3259 | D:4      | Reached skill level 1 in Spellcasting
  3259 | D:4      | Reached skill level 1 in Necromancy
  3334 | D:4      | Reached skill level 5 in Long Blades
  3646 | D:4      | Killed a troll
  3646 | D:4      | Reached XP level 7. HP: 62/62 MP: 8/8
  3679 | D:4      | ololoev: да еманарот!!!!!
  3834 | D:4      | Noticed Sigmund
  3845 | D:4      | Killed Sigmund
  3845 | D:4      | Reached skill level 6 in Long Blades
  4228 | D:4      | Reached XP level 8. HP: 50/72 MP: 9/9
  4379 | D:4      | Noticed Edmund
  4415 | D:4      | Killed Edmund
  4430 | D:4      | Wingboner: Скажи спасибо, что не с дистортом.
  4694 | D:4      | Slain by an ogre

Dungeon Overview and Level Annotations

Branches:
Dungeon (4/15)
 Temple: D:4-7

Altars:
Kikubaaqudgha


Message History

Edmund is almost dead.
Edmund barely misses you.
You hit Edmund.
You kill Edmund!
Kikubaaqudgha accepts your kill.
Your Fighting skill increases to level 4!
Use which ability? (? or * to list)
Press: ? - help, Shift-Dir - straight line, f - you Really target yourself?
Okay, then.
Unknown command.
Unknown command.
Things that are here:
a dire flail of protection; a glowing chain mail; the human corpse of Edmund You butcher the human corpse of Edmund.
g - 5 chunks of flesh (gained 2)
Things that are here:
a dire flail of protection; a glowing chain mail
q - a glowing chain mail Wear which item? (? for menu, Esc to quit)
You start removing your armour.
You continue taking off your +0 chain mail. x4
You finish taking off your +0 chain mail.
You start putting on your armour.
You continue putting on your glowing chain mail. x5
Some of the chunks of flesh in your inventory have rotted away.
You finish putting on your +1 chain mail of fire resistance.
You feel resistant to fire.
Drop what? 17/52 slots (_ for help) (? for menu, Esc to quit)
You drop a +0 chain mail.
You start resting.
Eating one of 2 chunks of flesh.
You start eating one of the 2 chunks of flesh.
You are feeling hungry.
You continue eating. x2
You finish eating.
This raw flesh tastes terrible.
You start resting.
All of the chunks of flesh in your inventory have rotted away.
HP restored.
An ogre comes into view. It is wielding a giant club.
The ogre shouts!
Use which ability? (? or * to list)
Press: ? - help, Shift-Dir - straight line, f - ogre
Aim: an ogre, wielding a giant club The splash of poison hits the ogre.
The ogre is moderately wounded.
You feel slightly more hungry. The ogre hits you with a giant club!
You hit the ogre.
The ogre is heavily wounded.
The ogre hits you with a giant club!
You completely miss the ogre.
The ogre is heavily wounded.
Your chain mail prevents you from hitting the ogre.
The ogre is heavily wounded.
The ogre hits you with a giant club!!
You are too injured to fight recklessly!
You are too injured to fight recklessly!
You are too injured to fight recklessly!
You are too injured to fight recklessly!
You are too injured to fight recklessly!
You are too injured to fight recklessly!
You are too injured to fight recklessly!
You are too injured to fight recklessly!
You are too injured to fight recklessly!
You are too injured to fight recklessly!
You are too injured to fight recklessly!
You are too injured to fight recklessly!
You are too injured to fight recklessly!
You are too injured to fight recklessly!
You are too injured to fight recklessly!
You are too injured to fight recklessly!
Your chain mail prevents you from hitting the ogre.
The ogre is heavily wounded.
The ogre hits you with a giant club!
You hit the ogre but do no damage.
The ogre is heavily wounded.
You have got your breath back.
The ogre hits you with a giant club!!
You die...
Kikubaaqudgha rasps: "You have failed me!
Welcome... death!"

You could see an ogre.

Vanquished Creatures
  A troll (D:4)
  Sigmund (D:4)
  Edmund (D:4)
  An ogre (D:4)
  A phantom (D:4)
  2 vampire bats (D:2)
  A centaur skeleton (D:4)
  Natasha (twice) (D:2)
  2 worker ants (D:4)
  A howler monkey skeleton (D:4)
  8 adders
  4 oozes
  3 worms
  2 dart slugs
  2 giant geckos
  6 orcs (D:4)
  8 bats
  3 bat skeletons (D:2)
  3 bat zombies (D:2)
  3 giant cockroaches
  7 goblins
  2 hobgoblins
  3 jackals (D:1)
  A kobold (D:2)
  A quokka (D:4)
  5 giant newts
  A jackal skeleton (D:4)
  17 rats
92 creatures vanquished.

Action                   |  1- 3 |  4- 6 |  7- 9 || total
-------------------------+-------+-------+-------++-------
Melee: Falchion          |   118 |   176 |    95 ||   389
 Abil: Spit Poison       |     1 |    16 |     6 ||    23
  Use: Potion            |       |     5 |       ||     5
       Scroll            |       |     5 |     1 ||     6
 Stab: Sleeping          |     1 |       |       ||     1
  Eat: Chunk             |       |     8 |     4 ||    12
Armor: Robe              |    36 |    23 |       ||    59
       Chain mail        |       |    75 |    37 ||   112
       Skin              |       |    14 |       ||    14
Dodge: Dodged            |    79 |    60 |    16 ||   155

Vault maps used:
D:1:      erik_arrival_orb_chamber
D:2:      kennysheep_vampire_church, first_bread, uniq_natasha
D:3:      guppyfry_early_lair_pool
D:4:      marbit_many_paths, kennysheep_generic_room_5, uniq_edmund,
          uniq_sigmund
